 Dungeon Crawl Stone Soup version 0.28-a0-422-gd71735cc25 (webtiles) character file.

Game seed: 7944911516071383415

101 gruber the Firebug (level 4, 0/33 HPs)
             Began as a Hill Orc Fire Elementalist on Sept 8, 2021.
             Slain by a water moccasin skeleton (3 damage)
             ... on level 4 of the Dungeon.
             The game lasted 00:03:31 (4490 turns).

gruber the Firebug (Hill Orc Fire Elementalist)     Turns: 4490, Time: 00:03:31

Health: 0/33       AC:  2    Str: 10    XL:     4   Next: 75%
Magic:  1/6        EV: 12    Int: 16    God:
Gold:   129        SH:  0    Dex: 11    Spells: 5/6 levels left

rFire   . . .      SeeInvis .   (no weapon)
rCold   . . .      Faith    .   (no shield)
rNeg    . . .      Spirit   .   a - +0 robe
rPois   .          Reflect  .   (no helmet)
rElec   .          Harm     .   (no cloak)
rCorr   .          Rampage  .   (no gloves)
Will    .....                   (no boots)
Stlth   ++........              (no amulet)
HPRegen 0.11/turn               (no ring)
MPRegen 0.10/turn               (no ring)

@: no status effects
A: no striking features
a: no special abilities


You were on level 4 of the Dungeon.
You visited 1 branch of the dungeon, and saw 4 of its levels.

You collected 129 gold pieces.

Inventory:

Armour
 a - a +0 robe (worn)
 m - a +0 kite shield of protection
Jewellery
 h - a +4 ring of evasion
 p - a ring of flight
Scrolls
 d - a scroll of noise {unknown}
 e - a scroll of identify {unknown}
 j - a scroll of immolation {unknown}
 k - 2 scrolls of magic mapping {unknown}
 l - a scroll of enchant weapon {unknown}
 n - a scroll of blinking {unknown}
 o - a scroll of fog {unknown}
Potions
 b - 2 potions of heal wounds {unknown}
 c - a potion of haste {unknown}
 f - 3 potions of curing {unknown}
 g - a potion of degeneration {unknown}
 i - 2 potions of resistance {unknown}
 q - 2 potions of invisibility {unknown}


   Skills:
 - Level 1.5 Dodging
 - Level 1.5 Stealth
 - Level 1.5 Spellcasting
 + Level 2.4 Conjurations
 + Level 5.2 Fire Magic


You had 5 spell levels left.
You knew the following spells:

 Your Spells              Type           Power      Damage    Failure   Level
a - Foxfire               Conj/Fire      52%        2x1d6     4%          1

Your spell library contained the following spells:

 Spells                   Type           Power      Damage    Failure   Level
 Scorch                   Fire           34%        2d6       3%          2
 Conjure Flame            Conj/Fire      13%        6-21      14%         3
 Animate Skeleton         Necr           2%         N/A       22%         1
 Apportation              Tloc           2%         N/A       22%         1
 Summon Small Mammal      Summ           4%         N/A       22%         1
 Inner Flame              Hex/Fire       9%         N/A       22%         3
 Flame Wave               Conj/Fire      13%        3d5       41%         4
 Ozocubu's Armour         Ice            1%         N/A       54%         3
 Ozocubu's Refrigeration  Ice            0%         4d5       100%        7


Dungeon Overview and Level Annotations

Branches:
Dungeon (4/15)
 Temple: D:4-7

Altars:
Fedhas


Message History

You conjure some foxfire!
The water moccasin skeleton barely misses you.
You conjure some foxfire!
The foxfire hits the water moccasin skeleton.
The water moccasin skeleton is moderately damaged.
The foxfire hits the water moccasin skeleton.
The water moccasin skeleton is moderately damaged.
The water moccasin skeleton bites you.
The foxfire hits the water moccasin skeleton.
The water moccasin skeleton is heavily damaged.
The water moccasin skeleton barely misses you.
You conjure some foxfire!
The water moccasin skeleton bites you.
The foxfire hits the water moccasin skeleton.
The water moccasin skeleton is heavily damaged.
The foxfire hits the water moccasin skeleton.
The water moccasin skeleton is severely damaged.
The water moccasin skeleton misses you. x2
You conjure some foxfire!
The water moccasin skeleton bites you.
The foxfire hits the water moccasin skeleton.
The water moccasin skeleton is severely damaged.
The foxfire hits the water moccasin skeleton.
The water moccasin skeleton is severely damaged.
The water moccasin skeleton barely misses you.
You conjure some foxfire!
The water moccasin skeleton bites you but does no damage.
The foxfire hits the water moccasin skeleton.
The water moccasin skeleton is almost destroyed.
The foxfire hits the water moccasin skeleton.
The water moccasin skeleton is almost destroyed.
The water moccasin skeleton bites you.
You hit the water moccasin skeleton.
The water moccasin skeleton is almost destroyed.
The water moccasin skeleton bites you. x2
* * * LOW HITPOINT WARNING * * *
You are too injured to fight recklessly!
Unknown command.
The water moccasin skeleton bites you.
* * * LOW HITPOINT WARNING * * *
The water moccasin skeleton bites you.
You die...

# # # ####
...######################## # .
##....♣.8.♣.♣.8.♣.♣.♣.♣.♣.♣.♣....
##.#.....†.[....@Z...............
##.##.♣.♣.♣.♣.♣.♣.8.♣.♣.8.8.♣....
##.########################## .
####


You could see a water moccasin skeleton.

Vanquished Creatures
  4 adders
  An ufetubus (D:3)
  An adder skeleton (D:3)
  An orc (D:3)
  4 endoplasms
  3 giant cockroaches
  3 goblins
  5 hobgoblins
  5 jackals (D:3)
  2 quokkas (D:3)
  4 ball pythons
  8 bats
  5 frilled lizards
  4 kobolds
  7 rats
57 creatures vanquished.

Vanquished Creatures (others)
  218 foxfires
218 creatures vanquished.

Grand Total: 275 creatures vanquished

Notes
Turn   | Place    | Note
-------+----------+-------------------------------------------
     0 | D:1      | gruber the Hill Orc Fire Elementalist began the quest for
                  | the Orb.
     0 | D:1      | Reached XP level 1. HP: 14/14 MP: 3/3
   491 | D:1      | Reached XP level 2. HP: 16/20 MP: 1/4
   872 | D:1      | Reached skill level 4 in Fire Magic
  1599 | D:2      | Reached XP level 3. HP: 20/26 MP: 2/5
  1668 | D:2      | Found a faded altar of an unknown god.
  2935 | D:3      | Reached XP level 4. HP: 32/33 MP: 3/6
  3471 | D:3      | Found a blossoming altar of Fedhas.
  3527 | D:3      | Reached skill level 5 in Fire Magic
  4490 | D:4      | Slain by a water moccasin skeleton

Illustrated notes

Levels and vault maps discovered:
D:1:      dpeg_arrival_round_b, layout_loops_corners, minmay_hedge_maze,
          minmay_split_cup_large
D:2:      layout_loops_corners, basic_ecumenical_altar
D:3:      minmay_chambers_of_threes, layout_loops_corners, lemuel_doored_altar
D:4:      layout_loops_cross, nicolae_tso_swordbearing_angel,
          minmay_temple_entry_mist, portal_sewer_entry_f, chequers_avenue,
          uniq_robin

Skill      XL: |  1  2  3  4 |
---------------+-------------+-----
Fire Magic     | 4 5 |  5.2
Conjurations   | 2 |  2.4
Dodging        | |  1.5
Stealth        | |  1.5
Spellcasting   | |  1.5

Action                   |  1- 3 |  4- 6 || total
-------------------------+-------+-------++-------
Melee: Unarmed           |     8 |    25 ||    33
 Cast: Foxfire           |    71 |    66 ||   137
 Stab: Sleeping          |       |     1 ||     1
Armor: Robe              |     5 |     8 ||    13
Dodge: Dodged            |    30 |    34 ||    64

Table legend: (Time is in decaauts)
 A = Elapsed time spent in this place.
 B = Non-inter-level travel time spent in this place.
 C = Inter-level travel time spent in this place.
 D = Time resting spent in this place.
 E = Time spent auto-exploring this place.
 F = Levels seen in this place.
 G = Mean time per level.
                   A        B        C        D        E       F      G
               +--------+--------+--------+--------+--------+-----+--------+
         Total |   4489 |   4383 |    106 |      0 |   3960 |   4 | 1122.2 |
       Dungeon |   4489 |   4383 |    106 |      0 |   3960 |   4 | 1122.2 |
               +--------+--------+--------+--------+--------+-----+--------+

Top non-repeatable levels by time:
     D:3: 1725 daAuts
     D:1: 1492 daAuts
     D:2: 1173 daAuts
     D:4: 97 daAuts
